 Dungeon Crawl Stone Soup version 0.26-a0-58-g79b31b8662 (webtiles) character file.

Game seed: 2413437687316018795

5492 DildoBatman the Covered (level 11, -5/84 HPs)
             Began as a Formicid Wizard on June 8, 2020.
             Was a Follower of Kikubaaqudgha.
             Slain by a two-headed ogre
             ... wielding a +0 giant club
              (18 damage)
             ... on level 7 of the Dungeon.
             The game lasted 00:39:11 (10839 turns).

DildoBatman the Covered (Formicid Wizard)          Turns: 10839, Time: 00:39:12

Health: -5/84      AC:  9    Str: 12    XL:     11   Next: 1%
Magic:  19/24      EV:  7    Int: 21    God:    Kikubaaqudgha [*.....]
Gold:   452        SH:  0    Dex:  9    Spells: 4/16 levels left

rFire    . . .     SeeInvis +   d - +2 long sword (flame)
rCold    . . .     Gourm    .   (no shield)
rNeg     . . .     Faith    .   I - +0 steam dragon scales
rPois    +         Spirit   .   (helmet unavailable)
rElec    .         Reflect  .   B - +0 cloak
rCorr    .         Harm     .   r - +0 pair of gloves
MR       +....                  (no boots)
Stlth    ++........             (no amulet)
HPRegen  0.24/turn              o - ring of magical power
MPRegen  0.19/turn              c - ring of poison resistance

@: marked, very slightly contaminated, held
A: permanent stasis, dig shafts and tunnels, four strong arms, antennae 3
a: Dig, Shaft Self, Receive Corpses, Renounce Religion


You were on level 7 of the Dungeon.
You worshipped Kikubaaqudgha.
Kikubaaqudgha was aware of your devotion.
You were not hungry.

You visited 2 branches of the dungeon, and saw 9 of its levels.
You also visited: Ossuary.

You collected 467 gold pieces.
You spent 15 gold pieces at shops.

Inventory:

Hand Weapons
 a - a +2 dagger of speed
 b - a +0 hunting sling
 d - a +2 long sword of flaming (weapon)
 e - a +1 dagger of venom
Missiles
 k - 203 stones (quivered)
 l - 83 arrows
 m - 35 sling bullets
 E - 20 bolts
Armour
 i - a scarf of resistance
 r - a +0 pair of gloves (worn)
 w - a +1 leather armour of positive energy
 B - a +0 cloak (worn)
 I - +0 steam dragon scales (worn)
Jewellery
 c - a ring of poison resistance (right hand)
 o - a ring of magical power (left hand)
 y - an uncursed ring of protection from cold
Wands
 g - a wand of acid (6)
 F - a wand of clouds (5)
 G - a wand of digging (4)
Scrolls
 j - 4 scrolls of enchant weapon
 n - 2 scrolls of amnesia
 t - 4 scrolls of enchant armour
 x - 5 scrolls of remove curse
 z - 3 scrolls of identify
 C - a scroll of magic mapping
 D - a scroll of fear {unknown}
 H - 4 scrolls of fog
Potions
 f - 2 potions of heal wounds
 h - 2 potions of cancellation
 p - a potion of flight {unknown}
 q - 4 potions of lignification
 u - a potion of brilliance {unknown}
 A - a potion of degeneration {unknown}
 J - a potion of magic {unknown}
Comestibles
 s - 7 chunks of flesh
 v - 16 rations


   Skills:
 * Level 7.0 Fighting
 * Level 7.0 Armour
 * Level 6.2 Dodging
 - Level 2.4 Stealth
 - Level 3.2 Spellcasting
 - Level 6.0 Conjurations
   Level 1.0 Summonings
 * Level 2.3 Necromancy
   Level 0.8 Translocations
 - Level 5.0 Fire Magic
 - Level 5.0 Air Magic


You had 4 spell levels left.
You knew the following spells:

 Your Spells              Type           Power        Failure   Level  Hunger
a - Conjure Flame         Conj/Fire      ####....     4%          3    ###....
b - Vampiric Draining     Necr           ##........   14%         3    ###....
c - Magic Dart            Conj           ####         1%          1    None
d - Sublimation of Blood  Necr           ##........   8%          2    ##.....
e - Mephitic Cloud        Conj/Pois/Air  ###.....     9%          3    ###....

Your spell library contained the following spells:

 Spells                   Type           Power        Failure   Level  Hunger
 Animate Skeleton         Necr           N/A          4%          1    None
 Pain                     Necr           ##..         4%          1    None
 Call Imp                 Summ           #.......     13%         2    ##.....
 Slow                     Hex            #.......     21%         2    ##.....
 Ignite Poison            Fire/Tmut/Pois ##......     21%         3    ###....
 Petrify                  Tmut/Erth      #.......     78%         4    ####...
 Irradiate                Conj/Tmut      ###.......   71%         5    ######.
 Alistair's Intoxication  Tmut/Pois      #.......     98%         5    ######.
 Eringya's Noxious Bog    Tmut/Pois      #.........   100%        6    #######
 Blink                    Tloc           Unusable     N/A         2    N/A

Dungeon Overview and Level Annotations

Branches:
Dungeon (8/15)             Temple (1/1) D:6            Lair (0/6) D:8
Ossuary (visited)

Altars:
Ashenzari
Cheibriados
Elyvilon
Gozag
Kikubaaqudgha
Makhleb
Nemelex Xobeh
Qazlal
Sif Muna
Trog
Vehumet
Wu Jian
Xom
Yredelemnul
Zin

Shops:
D:6 ?

Annotations:
D:7 Harold
D:8 1 runed translucent door, Talonman3's ghost, novice DDFi


Innate Abilities, Weirdness & Mutations

You cannot be hasted, slowed, berserked, paralysed or teleported.
You can dig through walls and to a lower floor.
Your four strong arms can wield two-handed weapons with a shield.
You have a pair of large antennae on your head. (SInv)


Message History

You riposte.
You hit Harold. You burn Harold.
Harold is lightly wounded.
The two-headed ogre hits you with a +0 giant club!
The two-headed ogre completely misses you.
You climb upwards.
There is a stone staircase leading down here.
You extend your mandibles.
You retract your mandibles.
Harold casts a spell at you. A sentinel's mark forms upon you.
Harold throws a throwing net.
The throwing net hits you.
You become entangled in the net!
You see here a throwing net.
You struggle against the net.
The two-headed ogre hits you with a +0 giant club!! x2
You die...
Kikubaaqudgha rasps: "You have failed me!
Welcome... death!"

#...# #....# #...###
###....#
#.....####......#
#.....<<........##
###..########....# ####
##...## #....###
#......## #### #@......#
##..############O......#
.........##....@......##
.................†....#
.÷....#######.........#
#.##### ###.^.....# ###
#.......# ##.......#
###........#


You could see Harold and a two-headed ogre.

Vanquished Creatures
  A hydra (D:8)
  An elephant (D:8)
  Maggie (D:6)
  Prince Ribbit (D:8)
  A hippogriff (D:7)
  2 dream sheep (D:8)
  Sigmund (D:2)
  2 basilisks (D:7)
  3 yaks
  3 orc warriors
  A black bear (D:8)
  2 ice beasts
  2 sky beasts (D:7)
  3 ogres
  A phantom (D:3)
  3 elf zombies (Ossuary)
  3 big kobolds (D:8)
  A bullfrog (D:7)
  3 howler monkeys
  2 bullfrog zombies
  A jelly (D:6)
  7 orc wizards
  A centaur zombie (Ossuary)
  6 orc priests
  A centaur skeleton (D:5)
  3 hounds
  A human zombie (Ossuary)
  Ijyb (D:1)
  6 worker ants
  A big kobold zombie (Ossuary)
  A hound zombie (D:5)
  A hound skeleton (D:5)
  2 mummies (Ossuary)
  Robin (D:3)
  9 adders
  A shadow imp (D:7)
  2 oozes
  An adder skeleton (D:6)
  An adder zombie (Ossuary)
  A worm (D:2)
  A dart slug (D:2)
  5 leopard geckos
  24 orcs
  7 giant cockroaches
  15 hobgoblins
  11 jackals
  3 quokkas
  3 ball pythons
  5 bats
  2 frilled lizards
  14 goblins
  7 hobgoblin zombies (Ossuary)
  4 jackal zombies (Ossuary)
  11 kobolds
  11 kobold zombies (Ossuary)
  A leopard gecko skeleton (D:5)
  8 orc zombies (Ossuary)
  A quokka skeleton (D:5)
  6 rats
  2 rat zombies (D:5)
226 creatures vanquished.

Notes
Turn   | Place    | Note
-------+----------+-------------------------------------------
     0 | D:1      | DildoBatman the Formicid Wizard began the quest for the
                  | Orb.
     0 | D:1      | Reached XP level 1. HP: 13/13 MP: 4/4
    33 | D:1      | Reached skill level 1 in Conjurations
   350 | D:1      | Reached XP level 2. HP: 19/19 MP: 6/6
   916 | D:1      | Reached XP level 3. HP: 22/24 MP: 3/7
   936 | D:1      | Learned a level 3 spell: Conjure Flame
   940 | D:1      | Learned a level 3 spell: Mephitic Cloud
  1732 | D:2      | Reached XP level 4. HP: 30/30 MP: 2/8
  2493 | D:3      | Noticed Ijyb
  2628 | D:3      | Reached XP level 5. HP: 30/35 MP: 9/9
  2649 | D:3      | Noticed Sigmund
  3428 | D:3      | Found a faded altar of an unknown god.
  4091 | D:4      | Noticed a phantom
  4215 | D:4      | Reached XP level 6. HP: 36/41 MP: 10/10
  4257 | D:4      | Reached skill level 1 in Fire Magic
  4284 | D:4      | Reached skill level 1 in Air Magic
  4348 | D:4      | Reached skill level 5 in Conjurations
  4440 | D:4      | Reached XP level 7. HP: 27/46 MP: 10/11
  4832 | D:4      | Noticed Robin
  5210 | D:5      | Entered Level 5 of the Dungeon
  5352 | D:5      | Found a sand-covered staircase.
  5447 | Ossuary  | Entered an ossuary
  5692 | Ossuary  | Reached XP level 8. HP: 36/52 MP: 9/12
  6103 | D:5      | Reached skill level 5 in Fire Magic
  7175 | D:6      | Found a sparkling altar of Nemelex Xobeh.
  7389 | D:7      | Noticed a hippogriff
  7423 | D:7      | Killed a hippogriff
  7423 | D:7      | Reached skill level 5 in Air Magic
  7423 | D:7      | Reached XP level 9. HP: 52/58 MP: 13/13
  7510 | D:7      | Reached skill level 1 in Fighting
  7510 | D:7      | Reached skill level 1 in Armour
  8084 | D:6      | Found a staircase to the Ecumenical Temple.
  8089 | Temple   | Entered the Ecumenical Temple
  8099 | Temple   | Became a worshipper of Kikubaaqudgha
  8210 | D:6      | Found Tenkywaq's Magic Scroll Boutique.
  8213 | D:6      | Bought a scroll of random uselessness for 15 gold pieces
  8859 | D:6      | Noticed Maggie
  8875 | D:6      | Killed Maggie
  9558 | D:3      | Killed Robin
  9754 | D:2      | Killed Sigmund
  9795 | D:1      | Killed Ijyb
  9957 | D:7      | Reached XP level 10. HP: 17/73 MP: 8/14
  9988 | D:8      | Found a staircase to the Lair.
  9996 | D:8      | Noticed an elephant
 10146 | D:7      | Reached skill level 5 in Fighting
 10146 | D:7      | Reached skill level 5 in Armour
 10353 | D:8      | Found a runed translucent door.
 10353 | D:8      | Noticed Talonman3's ghost (novice DDFi)
 10411 | D:8      | Noticed Prince Ribbit
 10432 | D:8      | Killed Prince Ribbit
 10432 | D:8      | Reached skill level 5 in Dodging
 10521 | D:8      | Reached * piety under Kikubaaqudgha
 10521 | D:8      | Identified Kikubaaqudgha's Reference Book on Stolen Souls
                  | (Kikubaaqudgha gifted it to you on level 8 of the Dungeon)
 10521 | D:8      | Received a gift from Kikubaaqudgha
 10553 | D:8      | Learned a level 3 spell: Vampiric Draining
 10556 | D:8      | Learned a level 2 spell: Sublimation of Blood
 10579 | D:8      | Noticed a two-headed hydra
 10581 | D:8      | Killed a one-headed hydra
 10581 | D:8      | Reached skill level 1 in Necromancy
 10713 | D:8      | Found a shimmering blue altar of Sif Muna.
 10754 | D:8      | Killed an elephant
 10801 | D:8      | Noticed Harold
 10818 | D:8      | Noticed a two-headed ogre
 10831 | D:7      | Reached XP level 11. HP: 66/84 MP: 15/15
 10839 | D:7      | Slain by a two-headed ogre

Illustrated notes

Levels and vault maps discovered:
D:1:      minmay_arrival_checkered_box, layout_loops_ring,
          chequers_serial_rivers_micro_d
D:2:      cheibrodos_old_hovel, layout_rooms, st_stairs_1
D:3:      layout_basic, chequers_ecumenical_altar_simple_redux,
          bh_walls_and_bars, uniq_ijyb, uniq_sigmund
D:4:      layout_basic, first_ration, minmay_pentomino_pile, uniq_robin
D:5:      layout_layer_cave, enter_ossuary_4
D:6:      layout_basic, nicolae_overflow_crystal_walls,
          minmay_temple_entry_proselytizer, serial_shops,
          nicolae_shop_behind_doors, uniq_maggie
D:7:      layout_layer_cave, kennysheep_generic_room_13
D:8:      layout_cave_pools, david_lair_generic, gammafunk_ghost_grave,
          hangedman_ranch [blue_anna_fruit_fields], minmay_hedge_maze,
          lemuel_blue_sif_altar, uniq_harold, uniq_prince_ribbit1
Temple:   grunt_wide_crystal_templ

Skill      XL: |  1  2  3  4  5  6  7  8  9 10 |
---------------+-------------------------------+-----
Conjurations   | 1 2 3 4 5 6 |  6.0
Fire Magic     | 2 3 5 |  5.0
Air Magic      | 1 2 5 |  5.0
Dodging        | 2 4 6 |  6.2
Fighting       | 4 7 |  7.0
Armour         | 4 7 |  7.0
Necromancy     | 2 |  2.3
Stealth        | |  2.4
Spellcasting   | |  3.2
Summonings     | |  1.0
Translocations | |  0.8

Action                   |  1- 3 |  4- 6 |  7- 9 | 10-12 || total
-------------------------+-------+-------+-------+-------++-------
Melee: Club              |    11 |       |       |       ||    11
       Dagger            |       |    61 |   254 |       ||   315
       Short sword       |       |     2 |       |       ||     2
       Hunting sling     |       |     1 |       |       ||     1
       Long sword        |       |       |    10 |    68 ||    78
 Fire: Hunting sling     |    39 |    32 |    40 |    45 ||   156
 Cast: Magic Dart        |    68 |    96 |   172 |    31 ||   367
       Mephitic Cloud    |       |    10 |    25 |    28 ||    63
       Conjure Flame     |       |       |    20 |     5 ||    25
 Abil: Dig               |       |     7 |    13 |     5 ||    25
  Use: Scroll            |       |     4 |     4 |     3 ||    11
       Potion            |       |     1 |       |       ||     1
 Stab: Confused          |       |     3 |    12 |     8 ||    23
  Eat: Chunk             |     2 |    10 |    14 |     8 ||    34
       Ration            |       |       |     2 |       ||     2
Armor: Robe              |     8 |    13 |     7 |       ||    28
       Leather armour    |       |       |    49 |       ||    49
       Steam dragon scal |       |       |     8 |    30 ||    38
Dodge: Dodged            |    37 |    54 |   120 |    65 ||   276
       Rpst.: Long sword |       |       |     3 |    14 ||    17

Table legend:
 A = Non-vault XP
 B = Vault XP
 C = Vault XP percentage of total XP
 D = Non-vault monster count
 E = Vault monster count
 F = Vault count percentage of total count
                 A         B        C        D         E       F
            +---------+---------+-------+---------+---------+-------
      Total |    3278 |    4569 |  58.2 |     147 |      79 |  35.0
            +---------+---------+-------+---------+---------+-------
        D:1 |      63 |      36 |  36.4 |      32 |       1 |   3.0
        D:2 |      59 |     228 |  79.4 |      21 |       5 |  19.2
        D:3 |     254 |      21 |   7.6 |      17 |       4 |  19.0
        D:4 |     386 |      65 |  14.4 |      15 |      12 |  44.4
        D:5 |     596 |       2 |   0.3 |      24 |       2 |   7.7
        D:6 |     377 |     379 |  50.1 |      12 |       1 |   7.7
        D:7 |    1249 |     552 |  30.6 |      18 |       4 |  18.2
        D:8 |     294 |    2791 |  90.5 |       8 |      10 |  55.6
     Temple |       0 |      41 | 100.0 |       0 |       1 | 100.0
    Ossuary |       0 |     454 | 100.0 |       0 |      39 | 100.0
            +---------+---------+-------+---------+---------+-------
